 Dungeon Crawl Stone Soup version 0.30-a0-51-g784eafce7f (webtiles) character file.

Game seed: 1011383579417896001

110 Murumi the Sneak (level 4, 0/25 HPs)
             Began as a Vampire Enchanter on Sept 6, 2022.
             Slain by Natasha (9 damage)
             ... on level 2 of the Dungeon.
             The game lasted 00:05:44 (2310 turns).

Murumi the Sneak (Vampire Enchanter)                Turns: 2310, Time: 00:05:45

Health: 0/25       AC:  2    Str:  7    XL:     4   Next: 61%
Magic:  1/7        EV: 10    Int: 17    God:
Gold:   69         SH:  0    Dex: 16    Spells: 2/7 levels left

rFire   . . .      SeeInvis +    a - +2 dagger (vorpal)
rCold   + + .      Faith    .    (no shield)
rNeg    + + +      Spirit   .    b - +0 robe
rPois   ∞          Reflect  .    (no helmet)
rElec   .          Harm     .    (no cloak)
rCorr   .          Rampage  .    (no gloves)
Will    .....                    (no boots)
Stlth   +++++.....               (no amulet)
HPRegen 0.00/turn                (no ring)
MPRegen 0.10/turn                (no ring)

@: grasped by roots, bloodless, inhibited regen, constricted
A: bloodless, fangs 3, see invisible, vampiric 2
a: Bat Form, Revivify


You were on level 2 of the Dungeon.
You visited 1 branch of the dungeon, and saw 3 of its levels.

You collected 69 gold pieces.

Inventory:

Hand Weapons
 a - a +2 vorpal dagger (weapon)
Armour
 b - a +0 robe (worn)
Jewellery
 h - a ring of fire
Potions
 c - 2 potions of invisibility
 d - a potion of curing
 e - 2 potions of flight
 f - a potion of resistance {unknown}
 g - 3 potions of lignification {unknown}
 i - a potion of heal wounds {unknown}


   Skills:
 - Level 1.0 Fighting
 + Level 2.3 Short Blades
 - Level 3.0 Dodging
 - Level 6.0 Stealth
 - Level 2.0 Spellcasting
 - Level 5.0 Hexes
 - Level 1.0 Ice Magic


You had 2 spell levels left.
You knew the following spells:

 Your Spells              Type           Power      Damage    Failure   Level
a - Ensorcelled Hibernat  Hex/Ice        22%        N/A       9%          2
b - Confusing Touch       Hex            18%        N/A       8%          3

Your spell library contained the following spells:

 Spells                   Type           Power      Damage    Failure   Level
 Necrotise                Necr           4%         1d4       19%         1
 Tukima's Dance           Hex            18%        N/A       8%          3
 Dazzling Flash           Conj/Hex       20%        N/A       21%         3
 Vampiric Draining        Necr           1%         2d6       50%         3
 Agony                    Necr           1%         N/A       99%         5


Dungeon Overview and Level Annotations

Branches:
Dungeon (3/15)

Altars:

Annotations:
D:2 Natasha


Innate Abilities, Weirdness & Mutations

You do not regenerate when monsters are visible.
You are frail without blood (-20% HP).
You can heal yourself when you bite living creatures.
You are immune to poison.
You have razor-sharp teeth.
You have supernaturally acute eyesight. (SInv)
You are afflicted with vampirism and can become a bat while bloodless.


Message History

As you read the scroll labelled KORAS MYAF SEPH, it crumbles to dust.
It was a scroll of poison.
i - a red potion
There is a stone staircase leading down here.
Done exploring.
Search for what [Enter for "."]? .
(D) Dungeon
Where to? (Enter - D:2, ? - help)
There is a stone staircase leading down here.
You climb downwards.
There is a stone staircase leading up here.
You climb upwards.
There is a stone staircase leading down here.
You see here a +0 ring mail.
There is an open door here.
There is a stone staircase leading up here.
You see here a +0 dagger.
There is a stone staircase leading down here.
You climb downwards.
There is a stone staircase leading up here.
You climb upwards.
There is a stone staircase leading down here.
Natasha, Servant of Life and Death comes into view.
She is carrying a wand of roots (7).
You can't go down here!
Natasha hisses angrily.
You hit Natasha.
Natasha is lightly wounded.
Natasha claws you.
Natasha resists with some effort.
Natasha barely misses you.
Natasha resists with some effort.
Natasha claws you.
Natasha resists with some effort.
Natasha zaps a wand.
The roots erupt in riotous growth!
The grasping roots grab you!
Natasha is unaffected.
The grasping roots constrict you.
You are too injured to fight recklessly!
You hit Natasha.
Natasha is moderately wounded.
Natasha mewls in sadness.
Natasha claws you!
You die...

.# .# ############
.################### #...........
.#.................# #.##########
.#.#.............#.# #.#
.#.#.###########.#.# #.# .#.#.#
#.#.# #.#
.#.#.###########.#.###.##########
................@................
.#.#..##########h#.###.##########
.#.#...####### #.#.....#
'#...........# #.#########
.............# #.........#
.............# #########.#
..<..........# #.# ..##.##'######
#.######## ...÷.#.......#
#.........


You could see Natasha.

Vanquished Creatures
  Natasha (twice) (D:2)
  2 adders (D:2)
  An endoplasm (D:1)
  7 giant cockroaches (D:1)
  5 goblins
  6 hobgoblins
  A quokka (D:1)
  8 ball pythons
  3 bats
  3 frilled lizards
  A kobold (D:1)
  2 rats
41 creatures vanquished.

Notes
Turn   | Place    | Note
-------+----------+-------------------------------------------
     0 | D:1      | Murumi the Vampire Enchanter began the quest for the Orb.
     0 | D:1      | Reached XP level 1. HP: 13/13 MP: 3/3
   188 | D:1      | Reached skill level 5 in Stealth
   316 | D:1      | Reached XP level 2. HP: 15/15 MP: 5/5
   332 | D:1      | Reached skill level 5 in Hexes
   335 | D:1      | Learned a level 2 spell: Ensorcelled Hibernation
  1330 | D:2      | Gained mutation: You are afflicted with vampirism and can
                  | become a bat while bloodless. [Vampire growth]
  1330 | D:2      | Reached XP level 3. HP: 12/19 MP: 1/6
  1864 | D:2      | Noticed Natasha
  1868 | D:2      | Killed Natasha
  1869 | D:2      | Reached skill level 1 in Fighting
  1869 | D:2      | Reached skill level 1 in Ice Magic
  1869 | D:2      | Reached XP level 4. HP: 25/25 MP: 7/7
  1873 | D:2      | Learned a level 3 spell: Confusing Touch
  1964 | D:2      | Noticed Natasha
  1970 | D:2      | Killed Natasha
  1971 | D:2      | Reached skill level 6 in Stealth
  2302 | D:2      | Noticed Natasha
  2310 | D:2      | Slain by Natasha

Illustrated notes

Levels and vault maps discovered:
D:1:      ncdulo_watergridlock, layout_basic, nicolae_titane
D:2:      layout_basic, basic_altar, uniq_natasha
D:3:      layout_basic, chequers_ecumenical_altar_simple, serial_shops,
          nicolae_shop_window_shopping

Skill      XL: |  1  2  3  4 |
---------------+-------------+-----
Stealth        | 5 6 |  6.0
Hexes          | 5 |  5.0
Short Blades   | 2 |  2.3
Dodging        | 3 |  3.0
Fighting       | 1 |  1.0
Ice Magic      | 1 |  1.0
Spellcasting   | |  2.0

Action                   |  1- 3 |  4- 6 || total
-------------------------+-------+-------++-------
Melee: Dagger            |    81 |     8 ||    89
       Bite              |    10 |     1 ||    11
 Cast: Ensorcelled Hiber |    16 |     7 ||    23
 Abil: Exsanguinate      |     1 |       ||     1
  Use: Scroll            |     7 |     1 ||     8
 Stab: Sleeping          |    24 |     5 ||    29
Armor: Robe              |    21 |     2 ||    23
Dodge: Dodged            |    48 |     3 ||    51

Table legend: (Time is in decaauts)
 A = Elapsed time spent in this place.
 B = Non-inter-level travel time spent in this place.
 C = Inter-level travel time spent in this place.
 D = Time resting spent in this place.
 E = Time spent auto-exploring this place.
 F = Levels seen in this place.
 G = Mean time per level.
                   A        B        C        D        E       F      G
               +--------+--------+--------+--------+--------+-----+--------+
         Total |   2305 |   2072 |    233 |     94 |   1647 |   3 |  768.3 |
       Dungeon |   2305 |   2072 |    233 |     94 |   1647 |   3 |  768.3 |
               +--------+--------+--------+--------+--------+-----+--------+

Top non-repeatable levels by time:
     D:1: 1308 daAuts
     D:2: 993 daAuts
     D:3: 3 daAuts
